 Dungeon Crawl Stone Soup version 0.27-a0-1036-g8e1b44f6bd (webtiles) character file.

Game seed: 596018678166610482

224 tardwrangler69 the Digger (level 5, 0/38 HPs)
             Began as a Draconian Earth Elementalist on Apr 18, 2021.
             Slain by a yak (11 damage)
             ... on level 4 of the Dungeon.
             The game lasted 00:04:35 (4121 turns).

tardwrangler69 the Digger (DrEE)                    Turns: 4121, Time: 00:04:35

Health: 0/38       AC:  5    Str:  7 (10) XL:     5   Next: 67%
Magic:  3/10       EV: 11    Int: 15 (17) God:
Gold:   132        SH:  3    Dex:  9 (11) Spells: 6/10 levels left

rFire    + . .     SeeInvis .   c - +0 short sword
rCold    . . .     Faith    .   o - +0 buckler
rNeg     . . .     Spirit   .   (armour unavailable)
rPois    +         Reflect  .   (helmet restricted)
rElec    .         Harm     .   (no cloak)
rCorr    .         Rampage  .   (no gloves)
Will     .....                  (no boots)
Stlth    ++........             (no amulet)
HPRegen  0.12/turn              g - ring of protection from fire
MPRegen  0.12/turn              l - ring of poison resistance

@: brilliant, attractive, flying (expiring)
A: AC +5, unfitting armour, cold-blooded
a: no special abilities


You were on level 4 of the Dungeon.
You visited 1 branch of the dungeon, and saw 4 of its levels.
You also visited: Sewer.

You collected 132 gold pieces.

Inventory:

Hand Weapons
 c - a +0 short sword (weapon)
Armour
 o - a +0 buckler (worn)
Magical Staves
 a - a staff of poison
Jewellery
 g - a ring of protection from fire (left hand)
 l - a ring of poison resistance (right hand)
Scrolls
 j - a scroll of amnesia


   Skills:
 - Level 1.7 Dodging
 - Level 1.7 Stealth
 * Level 0.8 Shields
 + Level 3.3 Spellcasting
 * Level 1.9 Conjurations
 - Level 1.0 Transmutations
 + Level 5.0 Earth Magic


You had 6 spell levels left.
You knew the following spells:

 Your Spells              Type           Power      Damage    Failure   Level
a - Sandblast             Erth           52%        2d12      3%          1
b - Stone Arrow           Conj/Erth      38%        3d9       21%         3

Your spell library contained the following spells:

 Spells                   Type           Power      Damage    Failure   Level
 Magic Dart               Conj           48%        1d5       13%         1
 Passwall                 Tmut/Erth      14%        N/A       13%         2
 Beastly Appendage        Tmut           16%        N/A       19%         1
 Wereblood                Tmut           8%         N/A       28%         2
 Blink                    Tloc           N/A        N/A       41%         2
 Call Imp                 Summ           3%         N/A       41%         2
 Slow                     Hex            3%         N/A       41%         2
 Conjure Flame            Conj/Fire      8%         6-21      52%         3
 Mephitic Cloud           Conj/Pois/Air  6%         N/A       56%         3
 Spider Form              Tmut/Pois      3%         N/A       56%         3
 Petrify                  Tmut/Erth      17%        N/A       63%         4
 Lee's Rapid Deconstruct  Erth           13%        3d10*     71%         5
 Ice Form                 Ice/Tmut       6%         N/A       93%         4
 Hydra Form               Tmut           4%         N/A       99%         5


Dungeon Overview and Level Annotations

Branches:
Dungeon (4/15)              Sewer (visited)
 Temple: D:4-7

Altars:
Elyvilon


Innate Abilities, Weirdness & Mutations

Your plain brown scales are hard. (AC +5)
You cannot fit into any form of body armour.
You are cold-blooded and may be slowed by cold attacks.


Message History

The spell is quite dangerous to cast (21% risk of failure)!
Continue anyway? [Y]es or [N]o only, please.
The spell is quite dangerous to cast (21% risk of failure)!
Continue anyway?
Aiming: Stone Arrow (quite dangerous; 21% risk of failure)
Press: ? - help, Shift-Dir - straight line, f/p - adder
Aim: an adder (48% to hit)
You feel a surge of power!
You miscast Stone Arrow.
You are very lightly contaminated with residual magic.
Nothing appears to happen.
The ball python bites you.
* * * LOW HITPOINT WARNING * * *
The ball python closely misses you. The adder bites you but does no damage.
The rat is pulled toward you!
You aren't carrying any potions.
Unknown command.
Unknown command.
As you read the scroll labelled BOAKUU CUDGH, it crumbles to dust.
It is a scroll of identify.
j - a scroll of amnesia You are too injured to fight recklessly!
Casting: Stone Arrow (quite dangerous; 21% risk of failure)
Confirm with . or Enter, or press ? or * to list all spells.
You don't have enough magic to cast this spell.
The ball python is pulled toward you! The rat is pulled toward you!
There is a gate leading back out of this place here.
Welcome back to the Dungeon!
The yak is pulled toward you!
There is a collapsed entrance here.
Your extra speed is starting to run out.
The yak is pulled toward you! The yak is pulled toward you!
The yak is pulled toward you!
The yak bellows!
The yak is pulled toward you!
Your magical contamination has completely faded away.
The yak is pulled toward you!
You feel yourself slow down.
There is an open door here.
You are starting to lose your buoyancy.
There is a stone staircase leading up here.
The yak gores you!
You die...

#..### #########..#
#######.......#..#
#.....#.#####.#..###
#.....#'### #.#....#
..........###......#
†)###..............#
..# #......##.....##
### #......##.#.@.#
###....##.#Y#.#
#############.#.#.#
..........###.#.#.#
..........'....>#.#
..........###.....#
.......)..# #######
..........#
..........#


You could see a yak.

Vanquished Creatures
  Jessica (D:2)
  Natasha (twice) (D:2)
  Robin (D:2)
  A howler monkey skeleton (D:3)
  2 adders
  2 river rats (Sewer)
  A shadow imp (D:3)
  2 dart slugs (D:1)
  An orc (D:3)
  6 endoplasms
  3 giant cockroaches
  10 goblins
  12 hobgoblins
  6 kobolds
  4 quokkas
  8 ball pythons
  4 bats
  3 frilled lizards
  13 rats
82 creatures vanquished.

Notes
Turn   | Place    | Note
-------+----------+-------------------------------------------
     0 | D:1      | tardwrangler69 the Draconian Earth Elementalist began the
                  | quest for the Orb.
     0 | D:1      | Reached XP level 1. HP: 14/14 MP: 3/3
   287 | D:1      | Reached XP level 2. HP: 3/20 MP: 0/5
  1008 | D:1      | Reached XP level 3. HP: 26/26 MP: 6/6
  1263 | D:2      | Found a white marble altar of Elyvilon.
  1307 | D:2      | Noticed Jessica
  1313 | D:2      | Killed Jessica
  1314 | D:2      | Reached skill level 4 in Earth Magic
  1462 | D:2      | Noticed Robin
  1537 | D:1      | Reached XP level 4. HP: 10/33 MP: 0/8
  1748 | D:2      | Killed Robin
  2113 | D:2      | Noticed Natasha
  2124 | D:2      | Killed Natasha
  2130 | D:2      | Learned a level 3 spell: Stone Arrow
  2266 | D:2      | Noticed Natasha
  2270 | D:2      | Killed Natasha
  2271 | D:2      | Reached XP level 5. HP: 29/38 MP: 2/9
  2709 | D:3      | Reached skill level 1 in Conjurations
  3188 | D:3      | Found a faded altar of an unknown god.
  3251 | D:3      | Reached skill level 5 in Earth Magic
  3709 | D:4      | Found a glowing drain.
  3722 | D:4      | Noticed a yak
  3725 | Sewer    | Entered a sewer
  4121 | D:4      | Slain by a yak

Illustrated notes

Levels and vault maps discovered:
D:1:      mushboom_english_gardens, layout_rooms, serial_curves, eino_curves_01,
          eino_curves_02, minmay_shallow_snake_nest
D:2:      layout_loops_ring, basic_altar, uniq_natasha, uniq_jessica, uniq_robin
D:3:      layout_rooms, chequers_ecumenical_altar_island, minmay_misc_feat_room
D:4:      layout_basic, cheibrodos_sewer_entry_sluice

Skill      XL: |  1  2  3  4  5 |
---------------+----------------+-----
Earth Magic    | 4 5 |  5.0
Spellcasting   | 3 |  3.3
Conjurations   | 1 |  1.9
Dodging        | |  1.7
Stealth        | |  1.7
Shields        | |  0.8
Transmutations | |  1.0

Action                   |  1- 3 |  4- 6 || total
-------------------------+-------+-------++-------
Melee: Unarmed           |    29 |       ||    29
       Tailslap          |     7 |    13 ||    20
       Short sword       |    34 |   162 ||   196
 Cast: Sandblast         |    33 |    18 ||    51
       Stone Arrow       |       |    10 ||    10
  Use: Potion            |       |    10 ||    10
       Scroll            |       |     1 ||     1
 Stab: Sleeping          |     2 |     1 ||     3
Armor: Skin              |    21 |   115 ||   136
Dodge: Dodged            |    54 |   197 ||   251
Block: Buckler           |       |    25 ||    25

Table legend: (Time is in decaauts)
 A = Elapsed time spent in this place.
 B = Non-inter-level travel time spent in this place.
 C = Inter-level travel time spent in this place.
 D = Time resting spent in this place.
 E = Time spent auto-exploring this place.
 F = Levels seen in this place.
 G = Mean time per level.
                   A        B        C        D        E       F      G
               +--------+--------+--------+--------+--------+-----+--------+
         Total |   4195 |   4106 |     89 |      0 |   3401 |   5 |  839.0 |
       Dungeon |   3789 |   3700 |     89 |      0 |   3153 |   4 |  947.2 |
         Sewer |    405 |    405 |      0 |      0 |    248 |   1 |  405.0 |
               +--------+--------+--------+--------+--------+-----+--------+

Top non-repeatable levels by time:
     D:1: 1490 daAuts
     D:2: 1150 daAuts
     D:3: 890 daAuts
   Sewer: 405 daAuts
     D:4: 258 daAuts
